 Dungeon Crawl Stone Soup version 0.31-a0-460-g9e667d4245 (webtiles) character file.

Game seed: 17038599670789955747

95 randomguy2701 the Chopper (level 4, -1/41 HPs)
             Began as a Hill Orc Fighter on Aug 5, 2023.
             Slain by a gnoll
             ... wielding a +0 halberd
             ... led by a gnoll bouda
              (5 damage)
             ... on level 3 of the Dungeon.
             The game lasted 00:01:23 (1959 turns).

randomguy2701 the Chopper (Hill Orc Fighter)        Turns: 1959, Time: 00:01:24

Health: -1/41      AC:  7    Str: 18    XL:     4   Next: 65%
Magic:  0/4        EV:  9    Int:  8    God:
Gold:   144        SH:  4    Dex: 12    Spells: 3/3 levels left

rFire   . . .        a - +0 war axe
rCold   . . .        c - +0 buckler
rNeg    . . .        b - +0 scale mail
rPois   +            (no helmet)
rElec   .            (no cloak)
rCorr   .            (no gloves)
SInv    .            (no boots)
Will    .....        n - amulet of guardian spirit Stlth
                     m - ring of poison resistance
HPRegen 0.26/turn    (no ring)
MPRegen 0.09/turn

%: guardian spirit
@: mighty, weakened
A: no striking features
a: no special abilities


You were on level 3 of the Dungeon.
You visited 1 branch of the dungeon, and saw 3 of its levels.

You collected 144 gold pieces.

Inventory:

Hand Weapons
 a - a +0 war axe (weapon)
Armour
 b - a +0 scale mail (worn)
 c - a +0 buckler (worn)
Jewellery
 m - a ring of poison resistance (left hand)
 n - an amulet of guardian spirit (around neck)
Scrolls
 e - 2 scrolls of noise {unknown}
 g - 2 scrolls of amnesia {unknown}
 i - 2 scrolls of identify {unknown}
 k - a scroll of revelation {unknown}
 o - a scroll of teleportation {unknown}
Potions
 d - a potion of might
 f - 3 potions of curing {unknown}
 h - a potion of attraction {unknown}
 j - 2 potions of haste {unknown}
 l - 2 potions of mutation {unknown}
 p - 2 potions of berserk rage {unknown}


   Skills:
 + Level 4.3 Fighting
 + Level 4.4 Axes
 + Level 3.8 Armour
 + Level 0.1 Dodging
 + Level 0.1 Stealth
 + Level 3.7 Shields


You had 3 spell levels left.
You didn't know any spells.
Your spell library contained the following spells:

 Spells                   Type           Power      Damage    Failure   Level
 Magic Dart               Conj           0%         1d3       86%         1
 Lesser Beckoning         Tloc           0%         N/A       95%         2
 Searing Ray              Conj           0%         2d4       95%         2
 Gell's Gravitas          Tloc           0%         N/A       99%         3
 Teleport Other           Tloc           0%         N/A       99%         3
 Fulminant Prism          Conj/Hex       0%         3d5       100%        4


Dungeon Overview and Level Annotations

Branches:
Dungeon (3/15)

Altars:
Wu Jian
Zin

Shops:
D:1 :


Message History

You slash the gnoll bouda!
The gnoll bouda is heavily wounded.
You slash the gnoll bouda!
The gnoll bouda is almost dead.
The gnoll bouda gazes fiercely through you!
You feel your attacks grow feeble.
The gnoll bouda hits you with a +0 club!
You barely miss the gnoll bouda.
The gnoll bouda is almost dead.
You hit the gnoll.
You kill the gnoll!
You block the gnoll bouda's attack.
You barely miss the gnoll bouda.
The gnoll bouda is almost dead.
The gnoll bouda hits you with a +0 club.
The gnoll barely misses you.
You closely miss the gnoll bouda.
The gnoll bouda is almost dead.
You hit the gnoll.
The gnoll bouda mumbles some strange prayers to its god.
The gnoll bouda is healed somewhat.
The gnoll hits you but does no damage. The gnoll hits you with a +0 club!
The gnoll bouda hits you with a +0 club!
* * * LOW HITPOINT WARNING * * *
A hound comes into view.
The gnoll closely misses you. You block the gnoll's attack.
The gnoll bouda attacks as you move away!
The gnoll bouda hits you but does no damage.
You feel very mighty all of a sudden.
Your attacks no longer feel as feeble.
The gnoll bouda gazes fiercely through you!
You feel your attacks grow feeble.
You closely miss the gnoll bouda.
The gnoll bouda is heavily wounded.
The gnoll closely misses you. You block the gnoll bouda's attack.
You closely miss the gnoll bouda.
The gnoll bouda is heavily wounded.
You slash the gnoll! The gnoll hits you with a +0 club!
* * * LOW HITPOINT WARNING * * *
The gnoll hits you from afar with a +0 halberd.
You die...

#######).###.......#
..............# .#
#######.......# .#
#####.###..# .h
#..........# .#
####.###.###.## g#
#........###.## .#
....#######>..####g#
##### #.....@g.#
#...##g#.#
######?.......
##....... #######


You could see a gnoll bouda and 2 gnolls.

Vanquished Creatures
  An adder (D:2)
  4 gnolls (D:3)
  3 worms (D:2)
  3 ball pythons
  4 bats
  3 endoplasms
  2 giant cockroaches (D:2)
  4 hobgoblins
  A quokka (D:2)
  3 frilled lizards
  3 goblins
  5 kobolds
  4 rats
40 creatures vanquished.

Notes
Turn   | Place    | Note
-------+----------+-------------------------------------------
     0 | D:1      | randomguy2701 the Hill Orc Fighter began the quest for the
                  | Orb.
     0 | D:1      | Reached XP level 1. HP: 19/19 MP: 1/1
    97 | D:1      | Reached XP level 2. HP: 27/27 MP: 2/2
   200 | D:1      | Found Waejal's Book Boutique.
   252 | D:1      | Found a faded altar of an unknown god.
   857 | D:2      | Reached XP level 3. HP: 22/33 MP: 3/3
  1666 | D:3      | Found an ornate altar of the Wu Jian Council.
  1666 | D:3      | Found a glowing silver altar of Zin.
  1787 | D:3      | Reached XP level 4. HP: 40/40 MP: 2/4
  1959 | D:3      | Slain by a gnoll

Illustrated notes

Levels and vault maps discovered:
D:1:      dpeg_arrival_orchard, layout_basic,
          shapermc_ecumenical_altar_notcrosses, serial_shops, shop,
          grunt_decor_arrowhead
D:2:      layout_loops_ring
D:3:      layout_loops_ring, nicolae_overflow_hidden_temple,
          chequers_serial_rivers_large_b, minmay_pentangle

Skill      XL: |  1  2  3 |
---------------+----------+-----
Fighting       | 4 |  4.3
Axes           | 3 4 |  4.4
Armour         | |  3.8
Dodging        | |  0.1
Stealth        | |  0.1
Shields        | |  3.7

Action                     |  1- 3 |  4- 6 || total
---------------------------+-------+-------++-------
  Melee: War axe           |   112 |    19 ||   131
    Use: Potion            |       |     1 ||     1
 Armour: Scale mail        |    45 |    10 ||    55
  Dodge: Dodged            |    35 |    10 ||    45
  Block: Buckler           |    20 |     7 ||    27

Table legend: (Time is in decaauts)
 A = Elapsed time spent in this place.
 B = Non-inter-level travel time spent in this place.
 C = Inter-level travel time spent in this place.
 D = Time resting spent in this place.
 E = Time spent auto-exploring this place.
 F = Levels seen in this place.
 G = Mean time per level.
                   A        B        C        D        E       F      G
               +--------+--------+--------+--------+--------+-----+--------+
         Total |   2005 |   1947 |     58 |      0 |   1631 |   3 |  668.3 |
       Dungeon |   2005 |   1947 |     58 |      0 |   1631 |   3 |  668.3 |
               +--------+--------+--------+--------+--------+-----+--------+

Top non-repeatable levels by time:
     D:2: 831 daAuts
     D:1: 811 daAuts
     D:3: 362 daAuts
